 Dungeon Crawl Stone Soup version 0.31.0-11-ge490571c62 (webtiles) character file.

Game seed: 12346860066003597990

46354 Drazool the Grappler (level 14, -15/198 HPs)
             Began as a Naga Shapeshifter on Jan 26, 2024.
             Was a High Priest of Cheibriados.
             Killed from afar by a kobold blastminer (39 damage)
             ... with an iron shot
             ... on level 2 of the Orcish Mines on Jan 27, 2024.
             The game lasted 01:23:13 (19658 turns).

Drazool the Grappler (Naga Shapeshifter)           Turns: 19658, Time: 01:23:13

Health: -15/198    AC: 27    Str: 31    XL:     14   Next: 37%
Magic:  0/21       EV:  1    Int: 24    God:    Cheibriados [*****.]
Gold:   1490       SH:  0    Dex: 27    Spells: 16/23 levels left

rFire   . .          .
                       - Unarmed
rCold   . . .        (no shield)
rNeg    . . .        K - melded +0 troll leather armour
rPois   +            z - melded +2 helmet
rElec   .            (cloak currently unavailable)
rCorr   .            I - melded +0 pair of gloves
SInv    +            (no barding)
Will    ++...        G - amulet of guardian spirit
Stlth   ++           W - ring of willpower
HPRegen 0.53/turn    E - +5 ring of evasion
MPRegen 0.17/turn

%: guardian spirit
@: tree-form, attractive, very slow
A: stationary, stasis, torment immunity, boosted hp, AC +4, large, see
invisible, (deformed body), (poison resistance), (slowness 2), spit poison 1,
(naga tail 2)
a: Spit Poison, Renounce Religion, Bend Time, Temporal Distortion, Slouch, Step
From Time


You were on level 2 of the Orcish Mines.
You worshipped Cheibriados.
Cheibriados was extremely pleased with you.
You were a tree.
You visited 4 branches of the dungeon, and saw 19 of its levels.
You also visited: Ossuary.

You collected 1490 gold pieces.


Innate Abilities, Weirdness & Mutations

You are a tree.
Your roots penetrate the ground, keeping you stationary.
You cannot be teleported.
You are immune to unholy pain and torment.
Your maximum health is greatly increased.
Your equipment is partially melded.
((Your serpentine skin is tough. (AC +4)))
You have supernaturally acute eyesight. (SInv)
((Armour fits poorly on your strangely shaped body.))
((Your system is resistant to poisons. (rPois)))
((You cover ground very slowly.))
You can spit poison.
((You can use your snake-like lower body to constrict enemies.))


   Skills:
 - Level 10.0 Fighting
 - Level 6.0 Dodging
 - Level 14.0 Unarmed Combat
 - Level 5.0 Spellcasting
 - Level 4.0 Conjurations
 - Level 4.0 Air Magic
 - Level 6.3 Alchemy
 + Level 10.6 Invocations
 - Level 10.0 Shapeshifting


You had 16 spell levels left.
You knew the following spells:

 Your Spells              Type           Power      Damage    Failure   Level
m - Mephitic Cloud        Conj/Alch/Air  28%        N/A       3%          3
o - Olgreb's Toxic Radia  Alch           36%        N/A       6%          4

Your spell library contained the following spells:

 Spells                   Type           Power      Damage    Failure   Level
 Shock                    Conj/Air       100%       1d9       1%          1
 Sting                    Conj/Alch      100%       1d9       1%          1
 Mercury Vapours          Alch/Air       60%        N/A       1%          2
 Kiss of Death            Conj/Necr      60%        2d10      3%          1
 Cigotuvi's Dreadful Rot  Necr/Alch/Air  44%        N/A       3%          2
 Swiftness                Air            25%        N/A       4%          3
 Fulminant Prism          Conj/Alch      15%        3d10      11%         4
 Dazzling Flash           Conj/Hex       30%        N/A       12%         3
 Call Imp                 Summ           12%        N/A       13%         2
 Sublimation of Blood     Necr           6%         N/A       13%         2
 Airstrike                Air            12%        2d(2-18)  17%         4
 Ignite Poison            Fire/Alch      21%        N/A       24%         4
 Call Canine Familiar     Summ           6%         N/A       26%         3
 Gell's Gravitas          Tloc           6%         N/A       26%         3
 Sigil of Binding         Hex            6%         N/A       26%         3
 Teleport Other           Tloc           6%         N/A       26%         3
 Volatile Blastmotes      Fire/Tloc      12%        2d11      26%         3
 Iskenderun's Mystic Bla  Conj/Tloc      15%        2d5       36%         4
 Freezing Cloud           Conj/Ice/Air   9%         6-21      63%         5
 Animate Dead             Necr           6%         N/A       65%         4
 Dimensional Bullseye     Hex/Tloc       3%         N/A       65%         4
 Silence                  Hex/Air        7%         N/A       71%         5
 Borgnjor's Vile Clutch   Necr/Erth      3%         N/A       94%         5
 Curse of Agony           Necr           6%         N/A       94%         5
 Death Channel            Necr           3%         N/A       100%        6
 Dispersal                Tloc           3%         N/A       100%        6
 Haunt                    Necr/Summ      3%         N/A       100%        7
 Summon Hydra             Summ           3%         N/A       100%        7
 Infestation              Necr           3%         N/A       100%        8

Inventory:

Hand Weapons
 A - the +4 war axe of the Moth {flame, rC+ Will+ Str+2 Stlth+}
   (You took it off an orc priest on level 5 of the Dungeon)

   Str+2:     It affects your strength (+2).
   rC+:       It protects you from cold.
   Will+:     It increases your willpower.
   Stlth+:    It makes you more stealthy.
 H - the +6 hand axe of Sin {pain, rPois Str+2 Dex+3 SInv}
   (You found it on level 8 of the Dungeon)

   Str+2:     It affects your strength (+2).
   Dex+3:     It affects your dexterity (+3).
   rPois:     It protects you from poison SInv: It lets you see invisible.
Missiles
 y - 5 curare-tipped darts {=f}
 F - 2 throwing nets {=f}
Armour
 z - a +2 helmet (melded)
 I - a +0 pair of gloves (melded)
 K - a +0 troll leather armour (melded)
Magical Staves
 B - a staff of alchemy {!a}
 V - a staff of death {!a}
Jewellery
 C - a ring of protection from cold
 E - a +5 ring of evasion (right branch)
 G - an amulet of guardian spirit (around neck)
 L - an amulet of faith {!P}
 M - a ring of magical power
 N - a ring of positive energy
 R - a ring of resist corrosion
 S - an amulet of the acrobat
 T - a +4 ring of protection
 W - a ring of willpower (left branch)
 Z - a ring of wizardry
Talismans
 c - a beast talisman
 d - a flux talisman (active)
Wands
 b - a wand of charming (9)
 J - a wand of roots (21)
 O - a wand of digging (3)
 Y - a wand of flame (10)
Scrolls
 f - 4 scrolls of enchant armour
 l - 4 scrolls of poison
 n - 2 scrolls of blinking
 p - 7 scrolls of teleportation {@r2}
 r - 7 scrolls of amnesia
 t - 4 scrolls of immolation
 u - a scroll of fear
 w - 4 scrolls of noise
 x - 6 scrolls of enchant weapon
 P - 2 scrolls of vulnerability
 U - a scroll of revelation
 X - a scroll of fog
Potions
 e - 5 potions of curing {@q1}
 g - 5 potions of mutation
 h - a potion of cancellation {unknown}
 i - a potion of haste {unknown}
 k - 3 potions of degeneration
 m - 2 potions of enlightenment
 o - 3 potions of attraction
 q - a potion of experience {unknown}
 s - 2 potions of brilliance
Miscellaneous
 a - a lightning rod (4/4)
 j - a tin of tremorstones (2/2)

Dungeon Overview and Level Annotations

Branches:
Dungeon (11/15)            Temple (1/1) D:5            Lair (5/5) D:10
    Orc (2/2) D:11        Ossuary (visited)
  Swamp: Lair:2-3    Shoals: Lair:2-3     Snake: Lair:2-3    Spider: Lair:2-3
  Slime: Lair:4-5       Elf: Orc:2

Altars:
Ashenzari
Cheibriados
Dithmenos
Elyvilon
Fedhas
Gozag
Hepliaklqana
Kikubaaqudgha
Makhleb
Nemelex Xobeh
Okawaru
Qazlal
Ru
Sif Muna
Trog
Uskayaw
Vehumet
Wu Jian
Xom
Yredelemnul
Zin
The Shining One

Shops:
D:3 :   D:11 (

Annotations:
D:11 2 runed translucent doors
Lair:3 3 runed translucent doors, Rupert; VoidStrider's ghost, journeyman TeAE
Lair:5 2 runed translucent doors

#.........)..#
..............##
...............####.
...#.............P.
..##.###.....##...
..####.......P..
................
...........P...
......K♣oo.....
......o##...§..
.....). ###T.§
.....## ..§ ..... ..
..... .... ...


You could see an orc warlord, an orc knight (strong), an orc high priest
(strong), a kobold blastminer and a troll.


Message History

You don't have enough magic at the moment.
Okay, then.
Unknown command.
You thrash the orc warlord!!! You punch the orc warlord.
The orc warlord is moderately wounded.
The kobold blastminer hits you but does no damage.
The orc high priest is attracted toward you.
You smack the orc warlord!
You punch the orc warlord!
The orc warlord is heavily wounded.
The orc knight hits you with a +0 long sword!!
* * * LOW HITPOINT WARNING * * *
The orc warlord hits you with a +0 battleaxe!!
* * * LOW HITPOINT WARNING * * *
The kobold blastminer completely misses you.
You hit the orc warlord.
The orc warlord is heavily wounded.
The orc knight hits you but does no damage.
The orc high priest calls down the wrath of Beogh upon you.
Beogh smites you!
* * * LOW HITPOINT WARNING * * *
A troll comes into view.
The orc warlord hits you with a +0 battleaxe.
* * * LOW HITPOINT WARNING * * *
The troll is attracted toward you.
You thrash the orc warlord!!!
The orc warlord is almost dead.
You hear a shout!
The kobold blastminer blasts its cannon at you.
The iron shot hits you!!!
You die...

Skill      XL: |  1  2  3  4  5  6  7  8  9 10 11 12 13 14 |
---------------+-------------------------------------------+-----
Unarmed Combat | 4 5 6 7 9 11 14 | 14.0
Shapeshifting  | 4 5 6 8 10 | 10.0
Fighting       | 3 6 8 10 | 10.0
Dodging        | 4 6 |  6.0
Invocations    | 4 7 8 10 | 10.6
Alchemy        | 5 6 |  6.3
Conjurations   | 4 |  4.0
Air Magic      | 4 |  4.0
Spellcasting   | 5 |  5.0

Action                     |  1- 3 |  4- 6 |  7- 9 | 10-12 | 13-15 || total
---------------------------+-------+-------+-------+-------+-------++-------
  Melee: Unarmed           |    49 |    92 |   382 |   609 |   336 ||  1468
         Punch             |     1 |     2 |    13 |     1 |     3 ||    20
         War axe           |       |       |       |     5 |       ||     5
         Constrict         |       |       |       |       |    77 ||    77
  Throw: Dart              |       |       |     1 |       |       ||     1
   Cast: Mephitic Cloud    |       |       |       |     2 |     2 ||     4
         Olgreb's Toxic Ra |       |       |       |       |    31 ||    31
 Invoke: Bend Time         |       |       |       |     3 |     7 ||    10
         Slouch            |       |       |       |       |     2 ||     2
Ability: Spit Poison       |    17 |    48 |    71 |    50 |    36 ||   222
         Begin Untransform |       |       |     1 |       |       ||     1
  Evoke: Wand              |       |       |     4 |     7 |     9 ||    20
    Use: Scroll            |       |     2 |    11 |     7 |     5 ||    25
         Potion            |       |     1 |     4 |     6 |     5 ||    16
   Stab: Confused          |       |       |       |       |     3 ||     3
 Armour: Animal skin       |    22 |       |       |       |       ||    22
         Leather armour    |    22 |    47 |   161 |       |       ||   230
         Skin              |       |     4 |    52 |   239 |   183 ||   478
         Troll leather arm |       |       |       |    16 |       ||    16
  Dodge: Dodged            |    28 |    23 |   217 |   608 |   335 ||  1211
   Form: Beast             |       |       |     1 |     2 |       ||     3
         Flux              |       |       |     1 |     2 |       ||     3

Levels and vault maps discovered:
D:1:      mrwooster_arrival_arrow, layout_rooms, dreamdust_princess_bridge
D:2:      layout_basic, minmay_misc_feat_x, grunt_ministairs_1,
          minmay_tromino_v7
D:3:      layout_basic, dancing_weapons_uskayaw, general_overflow_altar,
          serial_shops, shop, serial_glass, glass_columns_b, glass_columns_c,
          grunt_decor_mini_mirrors, uniq_ijyb, uniq_natasha, uniq_grinder
D:4:      layout_loops_ring, nicolae_gozag_cash_rules_everything_around_me,
          nicolae_ossuary_entry_giza
D:5:      layout_basic, minitemple, minmay_temple_entry_trees, uniq_eustachio
D:6:      layout_basic, nzn_overflow_gifts_of_might_and_magic,
          cheibriados_altar_2, lemuel_coloured_pillars_altar,
          mainiacjoe_overflow_six_doors_small
D:7:      cheibrodos_barr_body, layout_loops_corners, kennysheep_vampire_church,
          mainiacjoe_overflow_24_doors, uniq_jeremiah
D:8:      minmay_spotlight, layout_basic, mainiacjoe_overflow_alcove_4,
          minmay_radiant, uniq_prince_ribbit1
D:9:      layout_loops_cross, uniq_erica
D:10:     layout_rooms, overflow_temple_1_default, mainiacjoe_overflow_alcove_2,
          dpeg_oklobed_lair, uniq_sonja, uniq_josephine
D:11:     minmay_the_grid_triangle_9x9_recursive_2_mashed
          [minmay_the_grid_triangle_9x9_prize_schism,
          minmay_the_grid_triangle_9x9_tough_junction,
          minmay_the_grid_triangle_9x9_sparse_checkered,
          minmay_the_grid_triangle_9x9_semitri], layout_loops_ring, orc_david_3,
          uniq_fannar
Temple:   nicolae_temple_stand_before_the_council
Lair:1:   layout_loops_ring
Lair:2:   layout_cave_shapes
Lair:3:   layout_regular_city, minmay_swamp_entry_worms,
          nicolae_snake_entry_warm_welcome, gammafunk_ghost_split,
          nicolae_quartered_pool_super, nicolae_lair_lakeside_cave, uniq_rupert
Lair:4:   layout_cave_pods
Lair:5:   cheibrodos_lair_end_hotspot, layout_cave_pods, slime_entry_1,
          infiniplex_staircase_pool
Orc:1:    layout_caves, uniq_harold
Orc:2:    grunt_orc_gardens, layout_diamond_mine, grunt_orc_garden,
          grunt_orc_garden, grunt_orc_garden, grunt_orc_garden

Notes
Turn   | Place    | Note
-------+----------+-------------------------------------------
     0 | D:1      | Drazool the Naga Shapeshifter began the quest for the Orb.
     0 | D:1      | Reached XP level 1. HP: 18/18 MP: 1/1
    68 | D:1      | Reached XP level 2. HP: 12/25 MP: 2/2
   446 | D:1      | Reached skill level 4 in Unarmed Combat
   583 | D:1      | Reached XP level 3. HP: 21/31 MP: 3/3
   754 | D:2      | Reached XP level 4. HP: 19/38 MP: 4/4
   843 | D:2      | Reached skill level 5 in Unarmed Combat
  1671 | D:2      | Reached XP level 5. HP: 44/44 MP: 5/5
  1754 | D:3      | Noticed Ijyb
  1772 | D:3      | Killed Ijyb
  2170 | D:3      | Noticed Natasha
  2182 | D:3      | Killed Natasha
  2183 | D:3      | Reached skill level 6 in Unarmed Combat
  2380 | D:3      | Noticed Natasha
  2381 | D:3      | Noticed Grinder
  2395 | D:3      | Killed Natasha
  2485 | D:3      | Found Peumutec's Book Shop.
  2553 | D:3      | Killed Grinder
  2554 | D:3      | Reached skill level 4 in Shapeshifting
  2554 | D:3      | Reached XP level 6. HP: 18/51 MP: 6/6
  2734 | D:3      | Found a shimmering altar of Xom.
  2743 | D:3      | Reached skill level 5 in Shapeshifting
  2790 | D:3      | Found a hide-covered altar of Uskayaw.
  2792 | D:3      | Noticed a +0 hand axe
  2792 | D:3      | Noticed a +0 dagger
  3019 | D:3      | Noticed Natasha
  3029 | D:3      | Killed Natasha
  3030 | D:3      | Reached XP level 7. HP: 53/58 MP: 7/7
  3258 | D:4      | Reached skill level 2 in Fighting
  3345 | D:4      | Found an opulent altar of Gozag.
  3450 | D:4      | Reached skill level 3 in Fighting
  3553 | D:4      | Found a sand-covered staircase.
  3593 | Ossuary  | Entered an ossuary
  3686 | Ossuary  | Reached skill level 7 in Unarmed Combat
  3769 | Ossuary  | Reached XP level 8. HP: 57/69 MP: 8/8
  3857 | Ossuary  | Reached skill level 8 in Unarmed Combat
  4672 | D:4      | Reached skill level 9 in Unarmed Combat
  4744 | D:5      | Entered Level 5 of the Dungeon
  4824 | D:5      | Found an ornate altar of the Wu Jian Council.
  4831 | D:5      | Found a glowing silver altar of Zin.
  4838 | D:5      | Found a hazy altar of Hepliaklqana.
  5081 | D:5      | Found a staircase to the Ecumenical Temple.
  5088 | Temple   | Entered the Ecumenical Temple
  5103 | D:5      | Reached skill level 6 in Shapeshifting
  5170 | D:5      | Identified the +4 war axe of the Moth {flame, rC+ Will+
                  | Str+2 Stlth+}
  5192 | D:5      | Reached XP level 9. HP: 33/75 MP: 9/9
  5470 | D:5      | Reached skill level 7 in Shapeshifting
  5564 | D:5      | Reached skill level 2 in Dodging
  5843 | D:5      | Noticed Eustachio
  5895 | D:5      | Killed Eustachio
  5896 | D:5      | Reached skill level 3 in Dodging
  6614 | D:6      | Found a sacrificial altar of Ru.
  6633 | D:6      | Reached skill level 4 in Dodging
  6813 | D:6      | Found a snail-covered altar of Cheibriados.
  6832 | D:6      | Became a worshipper of Cheibriados the Contemplative
  7020 | D:6      | Found a shimmering blue altar of Sif Muna.
  7033 | D:6      | Reached skill level 8 in Shapeshifting
  7081 | D:6      | Got Sif Muna's Papyrus of the Feathery Damned
  7086 | D:6      | Found a bloodstained altar of Trog.
  7529 | D:6      | Found a radiant altar of Vehumet.
  7617 | D:7      | Reached skill level 1 in Invocations
  7632 | D:7      | Found a blossoming altar of Fedhas.
  7636 | D:7      | Reached skill level 2 in Invocations
  7786 | D:7      | Reached skill level 3 in Invocations
  7810 | D:7      | Reached * piety under Cheibriados
  7823 | D:7      | Reached skill level 4 in Invocations
  7830 | D:7      | Reached XP level 10. HP: 26/85 MP: 5/13
  7846 | D:7      | Reached skill level 5 in Invocations
  8267 | D:7      | Reached skill level 6 in Invocations
  8591 | D:7      | Noticed Jeremiah
  8615 | D:7      | Killed Jeremiah
  8616 | D:7      | Reached skill level 7 in Invocations
  8767 | D:7      | Reached ** piety under Cheibriados
  8770 | D:7      | Found an ancient bone altar of Kikubaaqudgha.
  9138 | D:8      | Noticed a cyclops
  9146 | D:8      | Noticed an arcanist
  9158 | D:8      | Killed a cyclops
  9166 | D:8      | Noticed Prince Ribbit
  9178 | D:8      | Killed an arcanist
  9179 | D:8      | Reached skill level 9 in Shapeshifting
  9185 | D:8      | Killed Prince Ribbit
  9371 | D:8      | Identified the +6 hand axe of Sin {pain, rPois Str+2 Dex+3
                  | SInv}
  9374 | D:8      | Got the Notes on the Missiles
  9443 | D:8      | Reached skill level 10 in Shapeshifting
  9908 | D:8      | Found a basalt altar of Yredelemnul.
 10175 | D:9      | Reached XP level 11. HP: 91/91 MP: 16/16
 10588 | D:9      | Noticed Erica
 10604 | D:9      | Killed Erica
 10605 | D:9      | Reached skill level 10 in Unarmed Combat
 10937 | D:10     | Entered Level 10 of the Dungeon
 10937 | D:10     | Noticed a two-headed ogre
 10950 | D:9      | Killed a two-headed ogre
 10951 | D:9      | Reached skill level 11 in Unarmed Combat
 10951 | D:9      | Reached skill level 4 in Fighting
 11215 | D:9      | Reached *** piety under Cheibriados
 11227 | D:9      | Reached skill level 5 in Fighting
 11249 | D:10     | Noticed a six-headed hydra
 11422 | D:10     | Killed a one-headed hydra
 11423 | D:10     | Reached skill level 6 in Fighting
 11529 | D:10     | Noticed Sonja
 11538 | D:10     | Killed Sonja
 11539 | D:10     | Reached skill level 5 in Dodging
 11677 | D:10     | Found a glowing golden altar of the Shining One.
 11758 | D:10     | Found a staircase to the Lair.
 11826 | D:10     | Reached skill level 6 in Dodging
 11871 | D:10     | Noticed Josephine
 11883 | D:10     | Killed Josephine
 11884 | D:10     | Reached skill level 8 in Invocations
 11887 | D:10     | Reached XP level 12. HP: 81/106 MP: 11/18
 12050 | D:10     | Reached skill level 7 in Fighting
 12087 | D:10     | Reached **** piety under Cheibriados
 12090 | D:10     | Reached skill level 8 in Fighting
 12131 | D:10     | Found a white marble altar of Elyvilon.
 12208 | Lair:1   | Entered Level 1 of the Lair of Beasts
 13066 | Lair:1   | Learned a level 3 spell: Mephitic Cloud
 13153 | Lair:2   | Reached skill level 1 in Alchemy
 13226 | Lair:2   | Reached skill level 1 in Conjurations
 13226 | Lair:2   | Reached skill level 1 in Air Magic
 13231 | Lair:2   | Reached skill level 2 in Alchemy
 13244 | Lair:2   | Reached skill level 2 in Conjurations
 13248 | Lair:2   | Reached skill level 2 in Air Magic
 13261 | Lair:2   | Reached skill level 3 in Alchemy
 13384 | Lair:2   | Reached ***** piety under Cheibriados
 13460 | Lair:2   | Reached skill level 3 in Conjurations
 13464 | Lair:2   | Reached skill level 3 in Air Magic
 13478 | Lair:2   | Noticed a skyshark
 13542 | Lair:2   | Reached skill level 4 in Alchemy
 13615 | Lair:2   | Killed a skyshark
 13652 | Lair:2   | Learned a level 4 spell: Olgreb's Toxic Radiance
 13756 | Lair:2   | Reached skill level 4 in Conjurations
 14046 | Lair:3   | Found a runed translucent gate.
 14046 | Lair:3   | Found a runed translucent gate.
 14047 | Lair:3   | Found a runed translucent gate.
 14048 | Lair:3   | Noticed VoidStrider's ghost (journeyman TeAE)
 14076 | Lair:3   | Reached skill level 5 in Alchemy
 14166 | Lair:3   | Noticed Rupert
 14265 | Lair:4   | Noticed a skyshark
 14275 | Lair:4   | Killed a skyshark
 14276 | Lair:4   | Reached skill level 4 in Air Magic
 14493 | Lair:4   | Gained mutation: You can use your snake-like lower body to
                  | constrict enemies. [Naga growth]
 14493 | Lair:4   | Reached XP level 13. HP: 118/118 MP: 19/19
 14514 | Lair:4   | Reached skill level 9 in Fighting
 15152 | Lair:4   | Reached skill level 10 in Fighting
 15158 | Lair:4   | Reached skill level 1 in Spellcasting
 15246 | Lair:4   | Reached skill level 2 in Spellcasting
 15561 | Lair:5   | Entered Level 5 of the Lair of Beasts
 15602 | Lair:5   | Reached skill level 3 in Spellcasting
 15782 | Lair:5   | Reached skill level 4 in Spellcasting
 15881 | Lair:5   | Reached skill level 5 in Spellcasting
 15881 | Lair:5   | Reached skill level 12 in Unarmed Combat
 16422 | Lair:5   | Found a large runed translucent door.
 16427 | Lair:5   | Found a large runed translucent door.
 16579 | Lair:5   | Noticed a fire dragon
 16949 | D:11     | Noticed Fannar
 16967 | D:11     | Killed Fannar
 16968 | D:11     | Reached skill level 13 in Unarmed Combat
 17117 | D:11     | Found a staircase to the Orcish Mines.
 17119 | D:11     | Found Archurez's Weapon Shoppe.
 17807 | D:11     | Identified the +1 glaive of Ynka {holy, Int+2 Dex+2}
 17811 | D:11     | Reached skill level 14 in Unarmed Combat
 18005 | D:11     | Reached XP level 14. HP: 123/132 MP: 19/21
 18053 | D:11     | Reached skill level 6 in Alchemy
 18388 | D:11     | Found a runed translucent door.
 18388 | D:11     | Found a runed translucent door.
 18435 | D:11     | Reached skill level 9 in Invocations
 18611 | Orc:1    | Entered Level 1 of the Orcish Mines
 18622 | Orc:1    | Reached ****** piety under Cheibriados
 18965 | Orc:1    | Noticed Harold
 18981 | Orc:1    | Killed Harold
 19039 | Orc:1    | HP: 7/132 [kobold blastminer/bolt (12)]
 19272 | Orc:1    | Reached skill level 10 in Invocations
 19541 | Orc:2    | Entered Level 2 of the Orcish Mines
 19627 | Orc:2    | Identified a +2 robe of resistance
 19647 | Orc:2    | Noticed an orc warlord
 19658 | Orc:2    | Killed from afar by a kobold blastminer

Vanquished Creatures
  Josephine (D:10)
  Fannar (D:11)
  Harold (Orc:1)
  Erica (D:9)
  4 hydras
  2 boulder beetles (D:11)
  A centaur warrior (D:11)
  4 two-headed ogres
  An occultist (D:11)
  Sonja (D:10)
  3 skysharks
  An arcanist (D:8)
  An orc knight (Orc:2)
  2 deep elf pyromancers (D:11)
  A lindwurm (Lair:5)
  An ugly thing (D:11)
  2 orc sorcerers (Orc:2)
  4 cyclopes
  11 elephants
  2 kobold blastminers (Orc:1)
  3 black mambas (Lair:5)
  2 molten gargoyles (Lair:5)
  Jeremiah (D:7)
  A gargoyle (D:11)
  4 cane toads
  A rime drake (Lair:4)
  5 komodo dragons
  4 trolls
  2 polar bears (Lair:2)
  A hornet (D:11)
  Prince Ribbit (D:8)
  Grinder (D:3)
  4 blink frogs (Lair:1)
  A centaur simulacrum (D:11)
  7 wraiths
  2 vampires
  3 shadows
  2 wyverns
  39 yaks
  2 wargs (Orc:1)
  7 basilisks
  6 steam dragons
  Eustachio (D:5)
  3 vampire mosquitoes (D:11)
  An acid dragon (D:9)
  7 water moccasins
  3 hell hounds (Lair:5)
  11 orc warriors
  2 black bears (D:5)
  3 sky beasts (D:7)
  2 ice beasts (D:7)
  3 ogres
  3 wolves (Lair:2)
  5 centaurs
  3 phantoms
  A kobold brigand (D:7)
  10 bullfrogs
  6 scorpions
  6 wights
  7 killer bees
  2 howler monkeys
  3 vampire bats (D:7)
  An electric eel (Lair:3)
  5 lava snakes (Lair:5)
  A bombardier beetle (D:4)
  A centaur zombie (Ossuary)
  3 hounds
  A jelly (D:5)
  2 human zombies (Ossuary)
  14 orc priests
  A gnoll bouda (D:7)
  3 sleepcaps
  3 iguanas
  4 scorpion zombies (Ossuary)
  Ijyb (D:3)
  Natasha (thrice) (D:3)
  10 orc wizards
  4 mummies
  3 gnolls (D:6)
  11 adders
  A shadow imp (D:7)
  2 white imps
  2 ufetubi (D:5)
  6 adder zombies (Ossuary)
  3 dart slugs
  44 orcs
  2 bat skeletons (D:7)
  5 bat zombies (D:7)
  6 endoplasms
  7 giant cockroaches
  7 hobgoblins
  11 jackals
  9 kobolds
  2 quokkas (D:2)
  5 ball pythons
  4 ball python zombies (Ossuary)
  9 bats
  A frilled lizard (D:2)
  5 goblins
  A kobold zombie (D:4)
  2 orc zombies
  7 rats
438 creatures vanquished.

Vanquished Creatures (collateral kills)
  An orc priest (Orc:1)
  2 orcs (D:7)
3 creatures vanquished.

Vanquished Creatures (others)
  An orc wizard (D:7)
  A gnoll (D:7)
  A white imp (D:8)
  3 orcs (D:11)
6 creatures vanquished.

Grand Total: 447 creatures vanquished

Table legend: (Time is in decaauts)
 A = Elapsed time spent in this place.
 B = Non-inter-level travel time spent in this place.
 C = Inter-level travel time spent in this place.
 D = Time resting spent in this place.
 E = Time spent auto-exploring this place.
 F = Levels seen in this place.
 G = Mean time per level.
                   A        B        C        D        E       F      G
               +--------+--------+--------+--------+--------+-----+--------+
         Total |  29988 |  28134 |   1854 |   2840 |  20725 |  20 | 1499.4 |
       Dungeon |  19236 |  18133 |   1103 |   2258 |  12881 |  11 | 1748.7 |
        Temple |      1 |      1 |      0 |      0 |      0 |   1 |    1.0 |
          Lair |   8674 |   7965 |    709 |    272 |   6689 |   5 | 1734.8 |
  Orcish Mines |   1524 |   1482 |     42 |    304 |    925 |   2 |  762.0 |
       Ossuary |    551 |    551 |      0 |      6 |    230 |   1 |  551.0 |
               +--------+--------+--------+--------+--------+-----+--------+

Top non-repeatable levels by time:
    D:11: 3048 daAuts
  Lair:4: 2818 daAuts
     D:9: 2384 daAuts
     D:7: 2329 daAuts
  Lair:5: 1914 daAuts
     D:6: 1881 daAuts
     D:3: 1869 daAuts
     D:5: 1828 daAuts
  Lair:1: 1754 daAuts
  Lair:2: 1548 daAuts
     D:2: 1398 daAuts
   Orc:1: 1370 daAuts
     D:8: 1316 daAuts
     D:4: 1294 daAuts
    D:10: 1067 daAuts

Table legend:
 A = Non-vault XP
 B = Vault XP
 C = Vault XP percentage of total XP
 D = Non-vault monster count
 E = Vault monster count
 F = Vault count percentage of total count
                 A         B        C        D         E       F
            +---------+---------+-------+---------+---------+-------
      Total |   38667 |   27554 |  41.6 |     309 |     133 |  30.1
            +---------+---------+-------+---------+---------+-------
        D:1 |      42 |       0 |   0.0 |      20 |       0 |   0.0
        D:2 |      74 |      49 |  39.8 |      22 |       5 |  18.5
        D:3 |     130 |     330 |  71.7 |      20 |       3 |  13.0
        D:4 |     310 |      20 |   6.1 |      34 |       3 |   8.1
        D:5 |     974 |     185 |  16.0 |      18 |       1 |   5.3
        D:6 |     793 |     176 |  18.2 |      16 |       2 |  11.1
        D:7 |    1057 |    1485 |  58.4 |      18 |      24 |  57.1
        D:8 |     598 |    2196 |  78.6 |      11 |       6 |  35.3
        D:9 |    3821 |     860 |  18.4 |      19 |       1 |   5.0
       D:10 |    3723 |    2748 |  42.5 |      18 |       7 |  28.0
       D:11 |    5646 |    7947 |  58.5 |      11 |      19 |  63.3
     Lair:1 |    3198 |       0 |   0.0 |      15 |       0 |   0.0
     Lair:2 |    6587 |       0 |   0.0 |      22 |       0 |   0.0
     Lair:3 |     435 |       0 |   0.0 |       2 |       0 |   0.0
     Lair:4 |    7722 |       0 |   0.0 |      24 |       0 |   0.0
     Lair:5 |     771 |    7140 |  90.3 |       1 |      27 |  96.4
      Orc:1 |    2786 |     881 |  24.0 |      38 |       1 |   2.6
      Orc:2 |       0 |    2740 | 100.0 |       0 |       8 | 100.0
    Ossuary |       0 |     797 | 100.0 |       0 |      26 | 100.0
            +---------+---------+-------+---------+---------+-------
